2925 views
Uploaded 2021-02-21 13:39:23
Game version 1.32.9
34:25 long 4on4 ladder game on (8)Northshire_LV
Saved by Brunt
2925 views
Uploaded 2021-02-21 13:39:23
Game version 1.32.9
34:25 long 4on4 ladder game on (8)Northshire_LV


165 units @ 22.3k
/ 3.3k
112 buildings @ 13.6k
/ 6.3k


| Potion of Mana | 1 | 200 |
| Orb of Fire | 1 | 325 |
| Potion of Healing | 1 | 150 |
| Scroll of Town Portal | 1 | 350 |
| total: | 4 | 1025g |
| Peasant | 25 | 1875 | / | 0 |
| Footman | 11 | 1485 | / | 0 |
| Siege Engine | 9 | 1755 | / | 540 |
| Dragonhawk Rider | 4 | 800 | / | 120 |
| Goblin Shredder | 1 | 375 | / | 100 |
| Goblin Zeppelin | 1 | 240 | / | 60 |
| total: | 51 | 6530g | / | 820w |
| Scout Tower | 12 | 360 | / | 240 |
| Guard Tower | 7 | 490 | / | 350 |
| Arcane Tower | 1 | 70 | / | 50 |
| Altar of Kings | 1 | 180 | / | 50 |
| Farm | 13 | 1040 | / | 260 |
| Barracks | 1 | 160 | / | 60 |
| Town Hall | 1 | 385 | / | 205 |
| Lumber Mill | 1 | 120 | / | 0 |
| Blacksmith | 1 | 140 | / | 60 |
| Arcane Vault | 1 | 130 | / | 30 |
| Workshop | 3 | 420 | / | 420 |
| Gryphon Aviary | 2 | 280 | / | 300 |
| Keep | 1 | 320 | / | 210 |
| Castle | 1 | 360 | / | 210 |
| total: | 36 | 3215g | / | 1625w |
| 0:04 | Peasant |
| 0:04 | Peasant |
| 0:05 | Peasant |
| 0:08 | Altar of Kings |
| 0:15 | Farm |
| 0:26 | Barracks |
| 0:35 | Peasant |
| 0:47 | Peasant |
| 1:02 | Farm |
| 1:05 | Peasant |
| 1:25 | Peasant |
| 1:32 | Footman |
| 1:45 | Farm |
| 1:58 | Footman |
| 1:58 | Footman |
| 2:29 | Footman |
| 2:29 | Footman |
| 2:34 | Peasant |
| 2:34 | Peasant |
| 2:37 | Flame Strike |
| 3:17 | Town Hall |
| 3:29 | Siphon Mana |
| 4:05 | Footman |
| 4:24 | Footman |
| 5:08 | Goblin Shredder |
| 5:21 | Footman |
| 5:21 | Footman |
| 5:22 | Footman |
| 5:22 | Footman |
| 5:27 | Lumber Mill |
| 5:31 | Peasant |
| 5:31 | Peasant |
| 5:31 | Peasant |
| 5:32 | Peasant |
| 5:38 | Scout Tower |
| 5:42 | Scout Tower |
| 6:20 | Scout Tower |
| 6:24 | Scout Tower |
| 6:25 | Guard Tower |
| 6:26 | Arcane Tower |
| 6:28 | Keep |
| 6:34 | Flame Strike |
| 6:56 | Guard Tower |
| 7:00 | Guard Tower |
| 7:05 | Farm |
| 7:07 | Farm |
| 7:11 | Blacksmith |
| 7:44 | Peasant |
| 8:49 | Arcane Vault |
| 8:58 | Goblin Zeppelin |
| 9:11 | Castle |
| 9:17 | Improved Lumber Harvesting |
| 11:54 | Peasant |
| 11:55 | Peasant |
| 11:55 | Peasant |
| 11:55 | Peasant |
| 12:00 | Holy Light |
| 12:14 | Siphon Mana |
| 12:51 | Workshop |
| 12:57 | Workshop |
| 13:03 | Workshop |
| 13:08 | Scout Tower |
| 13:12 | Peasant |
| 13:12 | Peasant |
| 13:28 | Guard Tower |
| 13:31 | Scout Tower |
| 13:44 | Guard Tower |
| 13:48 | Scout Tower |
| 14:05 | Guard Tower |
| 14:09 | Scout Tower |
| 14:14 | Scout Tower |
| 14:19 | Siege Engine |
| 14:20 | Siege Engine |
| 14:23 | Farm |
| 14:26 | Farm |
| 14:28 | Black Gunpowder |
| 14:29 | Iron Plating |
| 14:44 | Guard Tower |
| 14:51 | Farm |
| 14:53 | Siege Engine |
| 15:23 | Peasant |
| 15:23 | Peasant |
| 15:30 | Peasant |
| 15:31 | Peasant |
| 15:31 | Peasant |
| 15:40 | Siege Engine |
| 15:47 | Advanced Lumber Harvesting |
| 15:55 | Potion of Mana |
| 15:56 | Scroll of Town Portal |
| 15:56 | Orb of Fire |
| 15:57 | Potion of Healing |
| 16:04 | Siege Engine |
| 16:29 | Barrage |
| 16:56 | Siege Engine |
| 17:52 | Refined Gunpowder |
| 17:52 | Steel Plating |
| 18:53 | Divine Shield |
| 19:38 | Imbued Gunpowder |
| 19:43 | Farm |
| 19:45 | Farm |
| 19:47 | Farm |
| 19:49 | Farm |
| 20:35 | Flame Strike |
| 21:12 | Siege Engine |
| 21:13 | Siege Engine |
| 21:14 | Siege Engine |
| 21:42 | Divine Shield |
| 24:14 | Gryphon Aviary |
| 24:38 | Gryphon Aviary |
| 24:41 | Cloud |
| 24:42 | Dragonhawk Rider |
| 24:42 | Dragonhawk Rider |
| 24:42 | Dragonhawk Rider |
| 24:43 | Dragonhawk Rider |
| 25:19 | Farm |
| 33:03 | Scout Tower |
| 33:12 | Scout Tower |
| 33:25 | Scout Tower |
| Right click | 650 |
| Select group | 545 |
| Select | 342 |
| Build/train/purchase | 86 |
| Use ability | 34 |
| Assign group | 15 |
| Resource trade | 6 |
| Remove unit | 2 |
| Minimap ping | 1 |


| Staff of Sanctuary | 2 | 500 |
| Orb of Fire | 1 | 325 |
| Ivory Tower | 1 | 40 |
| Scroll of Town Portal | 2 | 700 |
| total: | 6 | 1565g |
| Peasant | 11 | 825 | / | 0 |
| Footman | 5 | 675 | / | 0 |
| Rifleman | 4 | 820 | / | 120 |
| Priest | 3 | 405 | / | 30 |
| Sorceress | 2 | 310 | / | 40 |
| Knight | 1 | 245 | / | 60 |
| Gryphon Rider | 2 | 560 | / | 140 |
| Goblin Shredder | 1 | 375 | / | 100 |
| total: | 29 | 4215g | / | 490w |
| Scout Tower | 13 | 390 | / | 260 |
| Guard Tower | 2 | 140 | / | 100 |
| Arcane Tower | 5 | 350 | / | 250 |
| Altar of Kings | 1 | 180 | / | 50 |
| Farm | 18 | 1440 | / | 360 |
| Barracks | 2 | 320 | / | 120 |
| Town Hall | 2 | 770 | / | 410 |
| Lumber Mill | 1 | 120 | / | 0 |
| Arcane Vault | 1 | 130 | / | 30 |
| Blacksmith | 1 | 140 | / | 60 |
| Arcane Sanctum | 2 | 300 | / | 280 |
| Gryphon Aviary | 2 | 280 | / | 300 |
| Keep | 1 | 320 | / | 210 |
| Castle | 1 | 360 | / | 210 |
| total: | 43 | 4070g | / | 1870w |
| 0:01 | Peasant |
| 0:03 | Altar of Kings |
| 0:12 | Peasant |
| 0:17 | Farm |
| 0:22 | Barracks |
| 0:27 | Peasant |
| 0:38 | Peasant |
| 0:48 | Farm |
| 0:51 | Peasant |
| 1:03 | Peasant |
| 1:24 | Footman |
| 1:24 | Footman |
| 1:26 | Peasant |
| 1:37 | Footman |
| 1:42 | Peasant |
| 1:43 | Peasant |
| 1:55 | Farm |
| 1:59 | Peasant |
| 2:04 | Summon Water Elemental |
| 2:13 | Peasant |
| 2:34 | Footman |
| 3:17 | Brilliance Aura |
| 3:22 | Town Hall |
| 3:48 | Keep |
| 3:55 | Lumber Mill |
| 4:06 | Farm |
| 4:11 | Footman |
| 4:45 | Summon Water Elemental |
| 5:02 | Goblin Shredder |
| 5:09 | Arcane Vault |
| 5:57 | Blacksmith |
| 6:01 | Barracks |
| 7:08 | Holy Light |
| 7:22 | Brilliance Aura |
| 7:26 | Rifleman |
| 7:26 | Rifleman |
| 7:27 | Long Rifles |
| 7:40 | Arcane Sanctum |
| 7:43 | Castle |
| 7:46 | Arcane Sanctum |
| 7:48 | Black Gunpowder |
| 7:48 | Studded Leather Armor |
| 7:50 | Rifleman |
| 8:13 | Rifleman |
| 8:15 | Improved Masonry |
| 8:24 | Farm |
| 8:25 | Farm |
| 8:26 | Farm |
| 8:26 | Farm |
| 8:27 | Farm |
| 8:55 | Refined Gunpowder |
| 9:32 | Devotion Aura |
| 9:43 | Priest |
| 9:43 | Priest Adept Training |
| 9:44 | Sorceress |
| 9:44 | Sorceress Adept Training |
| 10:26 | Priest |
| 10:26 | Sorceress |
| 10:30 | Advanced Masonry |
| 10:32 | Reinforced Leather Armor |
| 11:07 | Scout Tower |
| 11:08 | Scout Tower |
| 11:12 | Scout Tower |
| 11:15 | Scout Tower |
| 11:50 | Guard Tower |
| 11:54 | Scout Tower |
| 11:57 | Holy Light |
| 12:04 | Brilliance Aura |
| 12:12 | Imbued Gunpowder |
| 12:38 | Sorceress Master Training |
| 12:38 | Priest Master Training |
| 12:54 | Priest |
| 13:11 | Sundering Blades |
| 13:11 | Animal War Training |
| 13:15 | Dragonhide Armor |
| 13:16 | Iron Forged Swords |
| 13:16 | Iron Plating |
| 13:24 | Guard Tower |
| 14:13 | Town Hall |
| 14:27 | Knight |
| 15:42 | Scroll of Town Portal |
| 15:42 | Staff of Sanctuary |
| 16:07 | Devotion Aura |
| 16:40 | Steel Forged Swords |
| 17:20 | Scroll of Town Portal |
| 17:31 | Steel Plating |
| 18:09 | Imbued Masonry |
| 18:34 | Mass Teleport |
| 19:38 | Mithril Forged Swords |
| 21:14 | Holy Light |
| 21:22 | Mithril Plating |
| 22:29 | Farm |
| 22:31 | Farm |
| 22:32 | Farm |
| 22:35 | Farm |
| 22:37 | Farm |
| 22:58 | Farm |
| 23:06 | Orb of Fire |
| 23:06 | Staff of Sanctuary |
| 23:08 | Ivory Tower |
| 25:57 | Summon Water Elemental |
| 27:35 | Farm |
| 27:36 | Farm |
| 27:39 | Scout Tower |
| 28:02 | Farm |
| 28:20 | Arcane Tower |
| 28:22 | Control Magic |
| 28:22 | Magic Sentry |
| 30:12 | Gryphon Aviary |
| 30:13 | Gryphon Aviary |
| 30:52 | Resurrection |
| 32:14 | Scout Tower |
| 32:15 | Scout Tower |
| 32:16 | Scout Tower |
| 32:16 | Scout Tower |
| 32:18 | Gryphon Rider |
| 32:19 | Gryphon Rider |
| 32:23 | Scout Tower |
| 32:25 | Scout Tower |
| 32:33 | Scout Tower |
| 33:00 | Arcane Tower |
| 33:05 | Arcane Tower |
| 33:58 | Arcane Tower |
| Select group | 1165 |
| Right click | 878 |
| Select | 386 |
| Misc. action | 188 |
| Build/train/purchase | 120 |
| Use ability | 86 |
| Assign group | 54 |
| Chat | 28 |
| Item give/drop | 3 |
| Minimap ping | 2 |
| Esc | 1 |

| Boots of Speed | 1 | 250 |
| Staff of Teleportation | 1 | 150 |
| total: | 2 | 400g |
| Wisp | 11 | 660 | / | 0 |
| Archer | 29 | 3770 | / | 290 |
| Dryad | 13 | 1885 | / | 780 |
| Goblin Zeppelin | 1 | 240 | / | 60 |
| Goblin Sapper | 3 | 645 | / | 300 |
| total: | 57 | 7200g | / | 1430w |
| Altar of Elders | 1 | 180 | / | 50 |
| Moon Well | 7 | 1260 | / | 280 |
| Ancient of War | 1 | 150 | / | 60 |
| Hunter's Hall | 1 | 210 | / | 100 |
| Ancient of Wonders | 1 | 90 | / | 30 |
| Tree of Life | 5 | 1700 | / | 925 |
| Ancient of Lore | 1 | 155 | / | 145 |
| Tree of Ages | 3 | 960 | / | 540 |
| Tree of Eternity | 3 | 990 | / | 600 |
| total: | 17 | 3745g | / | 1590w |
| 0:01 | Wisp |
| 0:02 | Wisp |
| 0:13 | Wisp |
| 0:19 | Altar of Elders |
| 0:34 | Moon Well |
| 0:35 | Wisp |
| 0:42 | Wisp |
| 0:45 | Ancient of War |
| 0:50 | Wisp |
| 0:57 | Wisp |
| 1:13 | Wisp |
| 1:28 | Wisp |
| 1:33 | Wisp |
| 1:36 | Moon Well |
| 1:47 | Archer |
| 2:08 | Moon Well |
| 2:24 | Trueshot Aura |
| 2:28 | Archer |
| 2:43 | Tree of Ages |
| 2:50 | Archer |
| 2:50 | Archer |
| 2:50 | Archer |
| 3:07 | Archer |
| 3:07 | Archer |
| 3:30 | Archer |
| 3:39 | Archer |
| 3:43 | Hunter's Hall |
| 3:53 | Archer |
| 4:03 | Archer |
| 4:42 | Archer |
| 4:56 | Moon Well |
| 5:14 | Strength of the Moon |
| 5:14 | Improved Strength of the Moon |
| 5:16 | Wisp |
| 5:21 | Ancient of Lore |
| 5:25 | Improved Bows |
| 5:45 | Searing Arrows |
| 5:53 | Moon Well |
| 6:02 | Archer |
| 6:13 | Tree of Eternity |
| 6:59 | Archer |
| 7:00 | Abolish Magic |
| 7:00 | Dryad |
| 7:37 | Archer |
| 7:37 | Dryad |
| 7:41 | Advanced Strength of the Moon |
| 8:07 | Archer |
| 8:08 | Moon Well |
| 8:17 | Trueshot Aura |
| 8:38 | Marksmanship |
| 8:38 | Archer |
| 8:39 | Dryad |
| 8:53 | Ultravision |
| 8:54 | Well Spring |
| 9:41 | Moon Well |
| 10:01 | Dryad |
| 10:02 | Archer |
| 10:30 | Searing Arrows |
| 10:48 | Archer |
| 10:49 | Dryad |
| 11:27 | Dryad |
| 11:28 | Archer |
| 12:10 | Archer |
| 12:11 | Dryad |
| 12:26 | Trueshot Aura |
| 12:31 | Archer |
| 12:31 | Moon Armor |
| 12:32 | Improved Moon Armor |
| 12:47 | Archer |
| 12:48 | Dryad |
| 13:11 | Ancient of Wonders |
| 13:41 | Archer |
| 14:17 | Goblin Zeppelin |
| 14:49 | Goblin Sapper |
| 14:49 | Goblin Sapper |
| 14:49 | Goblin Sapper |
| 16:18 | Archer |
| 16:18 | Archer |
| 16:19 | Dryad |
| 16:43 | Starfall |
| 17:04 | Searing Arrows |
| 18:01 | Archer |
| 18:02 | Dryad |
| 18:19 | Strength of the Wild |
| 18:42 | Archer |
| 18:43 | Archer |
| 18:43 | Dryad |
| 18:43 | Dryad |
| 19:26 | Boots of Speed |
| 19:36 | Dryad |
| 20:38 | Scout |
| 22:55 | Improved Strength of the Wild |
| 25:30 | Tree of Life |
| 25:31 | Tree of Life |
| 25:36 | Tree of Life |
| 25:38 | Tree of Life |
| 26:25 | Tree of Life |
| 32:02 | Staff of Teleportation |
| Right click | 3035 |
| Select group | 2441 |
| Select | 1035 |
| Misc. action | 497 |
| Build/train/purchase | 176 |
| Use ability | 64 |
| Assign group | 49 |
| Minimap ping | 20 |
| Chat | 18 |
| Resource trade | 12 |
| Item give/drop | 7 |
| Remove unit | 2 |


| Healing Salve | 2 | 200 |
| total: | 2 | 200g |
| Peon | 9 | 675 | / | 0 |
| Grunt | 6 | 1200 | / | 0 |
| Troll Headhunter | 5 | 700 | / | 100 |
| Troll Witch Doctor | 3 | 435 | / | 75 |
| Tauren | 2 | 560 | / | 160 |
| Troll Berserker | 1 | 140 | / | 20 |
| Goblin Shredder | 1 | 375 | / | 100 |
| Goblin Zeppelin | 1 | 240 | / | 60 |
| total: | 28 | 4325g | / | 515w |
| Watch Tower | 5 | 550 | / | 400 |
| Orc Burrow | 4 | 640 | / | 160 |
| Barracks | 1 | 180 | / | 50 |
| Altar of Storms | 1 | 180 | / | 50 |
| Voodoo Lounge | 1 | 130 | / | 30 |
| War Mill | 1 | 205 | / | 0 |
| Great Hall | 1 | 385 | / | 185 |
| Spirit Lodge | 1 | 150 | / | 150 |
| Tauren Totem | 1 | 135 | / | 155 |
| Stronghold | 1 | 315 | / | 190 |
| Fortress | 1 | 325 | / | 190 |
| total: | 16 | 2555g | / | 1180w |
| 0:03 | Peon |
| 0:03 | Peon |
| 0:03 | Peon |
| 0:04 | Peon |
| 0:30 | Orc Burrow |
| 0:38 | Barracks |
| 0:42 | Peon |
| 1:00 | Peon |
| 1:13 | Altar of Storms |
| 1:30 | Peon |
| 1:41 | Grunt |
| 1:45 | Voodoo Lounge |
| 1:52 | Orc Burrow |
| 2:09 | Grunt |
| 2:10 | Grunt |
| 2:16 | Peon |
| 2:16 | Peon |
| 2:53 | Grunt |
| 2:55 | Stronghold |
| 3:07 | Black Arrow |
| 3:15 | Grunt |
| 3:30 | War Mill |
| 4:01 | Grunt |
| 4:05 | Orc Burrow |
| 4:46 | Steel Armor |
| 4:51 | Orc Burrow |
| 5:10 | Troll Headhunter |
| 5:17 | Watch Tower |
| 5:22 | Watch Tower |
| 5:47 | Troll Headhunter |
| 5:49 | Berserker Strength |
| 5:52 | Fortress |
| 6:23 | Goblin Shredder |
| 6:36 | Spirit Lodge |
| 7:02 | Troll Headhunter |
| 7:08 | Black Arrow |
| 7:40 | Healing Salve |
| 7:40 | Healing Salve |
| 8:25 | Serpent Ward |
| 8:50 | Great Hall |
| 8:53 | Pillage |
| 8:57 | Witch Doctor Adept Training |
| 9:00 | Tauren Totem |
| 9:03 | Berserker Upgrade |
| 9:04 | Troll Headhunter |
| 9:35 | Troll Headhunter |
| 9:39 | Thorium Armor |
| 9:47 | Hex |
| 10:05 | Witch Doctor Master Training |
| 10:06 | Troll Witch Doctor |
| 11:10 | Watch Tower |
| 11:11 | Watch Tower |
| 11:13 | Watch Tower |
| 11:17 | Troll Witch Doctor |
| 11:17 | Tauren |
| 11:18 | Troll Berserker |
| 12:07 | Serpent Ward |
| 12:14 | Tauren |
| 12:17 | Troll Witch Doctor |
| 13:01 | Pulverize |
| 14:26 | Arcanite Armor |
| 14:26 | Steel Melee Weapons |
| 14:27 | Steel Ranged Weapons |
| 15:54 | Black Arrow |
| 16:04 | Hex |
| 16:44 | Life Drain |
| 16:44 | Life Drain |
| 17:03 | Charm |
| 17:43 | Life Drain |
| 27:37 | Goblin Zeppelin |
| Right click | 746 |
| Select | 348 |
| Build/train/purchase | 61 |
| Misc. action | 42 |
| Chat | 40 |
| Use ability | 37 |
| Assign group | 4 |
| Select group | 4 |
| Remove unit | 3 |
| Minimap ping | 2 |
| Item give/drop | 1 |
177 units @ 24.5k
/ 3.6k
157 buildings @ 19.3k
/ 9.2k

| Healing Salve | 3 | 300 |
| Lesser Clarity Potion | 2 | 140 |
| Scroll of Speed | 2 | 100 |
| Potion of Healing | 3 | 450 |
| Potion of Mana | 1 | 200 |
| total: | 11 | 1190g |
| Peon | 6 | 450 | / | 0 |
| Grunt | 2 | 400 | / | 0 |
| Troll Headhunter | 9 | 1260 | / | 180 |
| Shaman | 1 | 130 | / | 20 |
| Tauren | 3 | 840 | / | 240 |
| Goblin Shredder | 1 | 375 | / | 100 |
| total: | 22 | 3455g | / | 540w |
| Barracks | 1 | 180 | / | 50 |
| Orc Burrow | 4 | 640 | / | 160 |
| Altar of Storms | 1 | 180 | / | 50 |
| War Mill | 1 | 205 | / | 0 |
| Voodoo Lounge | 1 | 130 | / | 30 |
| Great Hall | 1 | 385 | / | 185 |
| Spirit Lodge | 1 | 150 | / | 150 |
| Tauren Totem | 1 | 135 | / | 155 |
| Stronghold | 1 | 315 | / | 190 |
| Fortress | 1 | 325 | / | 190 |
| total: | 11 | 2005g | / | 780w |
| 0:03 | Peon |
| 0:03 | Peon |
| 0:16 | Barracks |
| 0:20 | Orc Burrow |
| 0:27 | Altar of Storms |
| 0:36 | Peon |
| 0:53 | Peon |
| 1:08 | Peon |
| 1:18 | Grunt |
| 1:38 | War Mill |
| 1:55 | Grunt |
| 2:12 | Orc Burrow |
| 2:28 | War Stomp |
| 2:48 | Voodoo Lounge |
| 3:04 | Troll Headhunter |
| 3:04 | Troll Headhunter |
| 3:33 | Steel Armor |
| 3:42 | Stronghold |
| 3:49 | Endurance Aura |
| 4:36 | Troll Headhunter |
| 4:40 | Healing Salve |
| 4:47 | Lesser Clarity Potion |
| 4:53 | Troll Headhunter |
| 5:01 | Goblin Shredder |
| 5:48 | Great Hall |
| 6:09 | Orc Burrow |
| 6:16 | Spirit Lodge |
| 6:32 | Endurance Aura |
| 6:37 | Fortress |
| 7:07 | Troll Headhunter |
| 7:08 | Troll Regeneration |
| 7:13 | Scroll of Speed |
| 7:13 | Healing Salve |
| 7:19 | Potion of Healing |
| 7:44 | Shaman Adept Training |
| 7:47 | Reinforced Defenses |
| 7:52 | Potion of Healing |
| 8:13 | Troll Headhunter |
| 8:20 | Tauren Totem |
| 8:24 | Peon |
| 8:58 | Shaman Master Training |
| 8:58 | Shaman |
| 9:00 | Potion of Healing |
| 9:38 | Troll Headhunter |
| 9:40 | Tauren |
| 9:41 | Tauren |
| 9:42 | Steel Melee Weapons |
| 9:47 | Healing Salve |
| 9:49 | Lesser Clarity Potion |
| 10:48 | Troll Headhunter |
| 10:48 | Troll Headhunter |
| 10:50 | Tauren |
| 10:54 | Orc Burrow |
| 10:56 | Steel Ranged Weapons |
| 11:36 | War Stomp |
| 11:45 | Scroll of Speed |
| 11:46 | Potion of Mana |
| Right click | 281 |
| Select | 199 |
| Build/train/purchase | 69 |
| Use ability | 10 |
| Minimap ping | 3 |
| Item give/drop | 2 |
wwwpapajohng
(34:22) : 
| Scroll of Regeneration | 2 | 200 |
| Potion of Mana | 1 | 200 |
| Scroll of Town Portal | 4 | 1400 |
| Scroll of Healing | 2 | 500 |
| Scroll of Protection | 1 | 150 |
| Boots of Speed | 2 | 500 |
| Potion of Lesser Invulnerability | 1 | 150 |
| total: | 13 | 3100g |
| Peasant | 17 | 1275 | / | 0 |
| Footman | 5 | 675 | / | 0 |
| Gryphon Rider | 5 | 1400 | / | 350 |
| Goblin Shredder | 2 | 750 | / | 200 |
| Goblin Sapper | 2 | 430 | / | 200 |
| Goblin Zeppelin | 1 | 240 | / | 60 |
| Rogue | 1 | 150 | / | 0 |
| Assassin | 1 | 250 | / | 30 |
| Kobold Geomancer | 1 | 255 | / | 30 |
| Forest Troll High Priest | 1 | 305 | / | 40 |
| Wisp | 12 | 720 | / | 0 |
| total: | 48 | 6450g | / | 910w |
| Scout Tower | 44 | 1320 | / | 880 |
| Guard Tower | 19 | 1330 | / | 950 |
| Altar of Kings | 1 | 180 | / | 50 |
| Lumber Mill | 2 | 240 | / | 0 |
| Farm | 21 | 1680 | / | 420 |
| Barracks | 1 | 160 | / | 60 |
| Town Hall | 2 | 770 | / | 410 |
| Arcane Vault | 1 | 130 | / | 30 |
| Blacksmith | 1 | 140 | / | 60 |
| Gryphon Aviary | 4 | 560 | / | 600 |
| Keep | 1 | 320 | / | 210 |
| Castle | 1 | 360 | / | 210 |
| Watch Tower | 9 | 990 | / | 720 |
| War Mill | 1 | 205 | / | 0 |
| Orc Burrow | 3 | 480 | / | 120 |
| Great Hall | 1 | 385 | / | 185 |
| Tree of Life | 13 | 4420 | / | 2405 |
| total: | 104 | 11660g | / | 5940w |
| 0:03 | Peasant |
| 0:04 | Peasant |
| 0:04 | Peasant |
| 0:21 | Peasant |
| 0:38 | Altar of Kings |
| 0:44 | Lumber Mill |
| 0:51 | Farm |
| 0:56 | Farm |
| 1:06 | Barracks |
| 1:13 | Farm |
| 1:17 | Peasant |
| 1:18 | Peasant |
| 1:18 | Peasant |
| 1:18 | Peasant |
| 1:29 | Peasant |
| 1:40 | Farm |
| 1:47 | Peasant |
| 1:53 | Scout Tower |
| 2:03 | Scout Tower |
| 2:10 | Scout Tower |
| 2:13 | Farm |
| 2:15 | Footman |
| 2:15 | Footman |
| 2:27 | Footman |
| 2:36 | Scout Tower |
| 2:40 | Scout Tower |
| 2:46 | Thunder Clap |
| 2:52 | Farm |
| 2:55 | Guard Tower |
| 3:02 | Footman |
| 3:08 | Scout Tower |
| 3:10 | Guard Tower |
| 3:23 | Footman |
| 3:27 | Guard Tower |
| 3:37 | Guard Tower |
| 3:43 | Scout Tower |
| 3:43 | Scout Tower |
| 3:54 | Farm |
| 4:05 | Guard Tower |
| 4:44 | Storm Bolt |
| 4:51 | Town Hall |
| 5:06 | Peasant |
| 5:06 | Peasant |
| 5:11 | Arcane Vault |
| 5:55 | Goblin Shredder |
| 6:29 | Peasant |
| 7:05 | Keep |
| 7:49 | Bash |
| 7:56 | Blacksmith |
| 7:59 | Farm |
| 7:59 | Farm |
| 7:59 | Farm |
| 8:00 | Farm |
| 8:13 | Goblin Sapper |
| 8:13 | Goblin Sapper |
| 8:42 | Scroll of Regeneration |
| 8:54 | Improved Masonry |
| 9:12 | Rogue |
| 9:13 | Assassin |
| 9:13 | Kobold Geomancer |
| 9:13 | Forest Troll High Priest |
| 9:26 | Farm |
| 9:28 | Farm |
| 9:30 | Iron Forged Swords |
| 9:30 | Studded Leather Armor |
| 9:32 | Castle |
| 9:38 | Gryphon Aviary |
| 9:41 | Gryphon Aviary |
| 9:46 | Gryphon Aviary |
| 10:16 | Farm |
| 10:27 | Gryphon Aviary |
| 10:39 | Goblin Shredder |
| 10:40 | Goblin Zeppelin |
| 10:56 | Steel Forged Swords |
| 10:58 | Farm |
| 11:48 | Scroll of Town Portal |
| 11:48 | Scroll of Protection |
| 11:49 | Scroll of Healing |
| 11:49 | Boots of Speed |
| 12:22 | Gryphon Rider |
| 12:22 | Gryphon Rider |
| 12:22 | Gryphon Rider |
| 12:40 | Scout Tower |
| 12:41 | Scout Tower |
| 12:42 | Scout Tower |
| 12:43 | Scout Tower |
| 12:43 | Scout Tower |
| 12:48 | Scout Tower |
| 13:09 | Gryphon Rider |
| 13:19 | Guard Tower |
| 13:29 | War Mill |
| 13:32 | Orc Burrow |
| 13:32 | Orc Burrow |
| 13:36 | Guard Tower |
| 14:02 | Reinforced Leather Armor |
| 14:14 | Town Hall |
| 14:28 | Scroll of Town Portal |
| 14:51 | Watch Tower |
| 14:53 | Watch Tower |
| 14:54 | Watch Tower |
| 14:54 | Watch Tower |
| 14:55 | Watch Tower |
| 14:55 | Watch Tower |
| 14:56 | Watch Tower |
| 14:56 | Watch Tower |
| 14:56 | Watch Tower |
| 15:26 | Scroll of Regeneration |
| 15:27 | Scroll of Town Portal |
| 15:27 | Potion of Mana |
| 15:53 | Dragonhide Armor |
| 15:53 | Mithril Forged Swords |
| 16:28 | Advanced Masonry |
| 16:37 | Gryphon Rider |
| 16:38 | Storm Hammers |
| 16:58 | Bash |
| 18:00 | Scroll of Town Portal |
| 18:01 | Boots of Speed |
| 18:04 | Scroll of Healing |
| 18:04 | Potion of Lesser Invulnerability |
| 19:08 | Lumber Mill |
| 19:18 | Farm |
| 19:20 | Farm |
| 19:21 | Farm |
| 19:23 | Farm |
| 19:25 | Farm |
| 20:10 | Scout Tower |
| 20:10 | Scout Tower |
| 20:11 | Scout Tower |
| 20:12 | Scout Tower |
| 20:12 | Scout Tower |
| 20:13 | Scout Tower |
| 20:14 | Scout Tower |
| 20:19 | Scout Tower |
| 20:22 | Scout Tower |
| 20:24 | Scout Tower |
| 20:26 | Scout Tower |
| 20:26 | Scout Tower |
| 20:35 | Great Hall |
| 20:39 | Orc Burrow |
| 20:43 | Guard Tower |
| 21:06 | Guard Tower |
| 21:18 | Scout Tower |
| 21:21 | Guard Tower |
| 21:27 | Scout Tower |
| 21:27 | Scout Tower |
| 21:29 | Scout Tower |
| 21:30 | Scout Tower |
| 21:37 | Tree of Life |
| 21:49 | Tree of Life |
| 21:58 | Guard Tower |
| 22:15 | Guard Tower |
| 22:23 | Guard Tower |
| 22:29 | Scout Tower |
| 22:45 | Scout Tower |
| 22:45 | Scout Tower |
| 22:46 | Scout Tower |
| 22:47 | Scout Tower |
| 22:47 | Scout Tower |
| 22:48 | Scout Tower |
| 22:49 | Scout Tower |
| 22:49 | Scout Tower |
| 22:49 | Scout Tower |
| 22:53 | Guard Tower |
| 22:56 | Peasant |
| 22:56 | Peasant |
| 22:56 | Peasant |
| 22:57 | Peasant |
| 23:02 | Tree of Life |
| 23:21 | Guard Tower |
| 23:25 | Tree of Life |
| 23:41 | Scout Tower |
| 24:03 | Guard Tower |
| 24:12 | Wisp |
| 24:12 | Wisp |
| 24:16 | Guard Tower |
| 24:23 | Farm |
| 24:58 | Scout Tower |
| 25:04 | Scout Tower |
| 26:26 | Guard Tower |
| 26:45 | Guard Tower |
| 27:16 | Tree of Life |
| 27:28 | Wisp |
| 27:28 | Wisp |
| 27:28 | Wisp |
| 28:02 | Tree of Life |
| 28:23 | Tree of Life |
| 28:48 | Tree of Life |
| 29:20 | Wisp |
| 29:20 | Wisp |
| 29:20 | Wisp |
| 29:36 | Tree of Life |
| 30:34 | Tree of Life |
| 30:52 | Tree of Life |
| 31:57 | Wisp |
| 31:57 | Wisp |
| 31:57 | Wisp |
| 31:57 | Wisp |
| 33:48 | Tree of Life |
| 34:08 | Tree of Life |
| Right click | 1384 |
| Select | 375 |
| Build/train/purchase | 130 |
| Assign group | 45 |
| Select group | 41 |
| Use ability | 27 |
| Remove unit | 9 |
| Resource trade | 7 |
| Minimap ping | 3 |
| Item give/drop | 2 |
| Misc. action | 1 |

| Wisp | 28 | 1680 | / | 0 |
| Archer | 12 | 1560 | / | 120 |
| Huntress | 9 | 1755 | / | 180 |
| Glaive Thrower | 4 | 840 | / | 260 |
| Dryad | 4 | 580 | / | 240 |
| Druid of the Claw | 7 | 1785 | / | 560 |
| Druid of the Talon | 4 | 580 | / | 80 |
| Hippogryph | 1 | 160 | / | 20 |
| Peon | 5 | 375 | / | 0 |
| total: | 74 | 9315g | / | 1460w |
| Altar of Elders | 1 | 180 | / | 50 |
| Moon Well | 7 | 1260 | / | 280 |
| Ancient of War | 1 | 150 | / | 60 |
| Hunter's Hall | 2 | 420 | / | 200 |
| Tree of Life | 1 | 340 | / | 185 |
| Ancient of Lore | 1 | 155 | / | 145 |
| Ancient of Wind | 1 | 150 | / | 140 |
| Chimaera Roost | 1 | 140 | / | 190 |
| Tree of Ages | 1 | 320 | / | 180 |
| Tree of Eternity | 1 | 330 | / | 200 |
| total: | 15 | 2795g | / | 1250w |
| 0:11 | Altar of Elders |
| 0:13 | Wisp |
| 0:13 | Wisp |
| 0:13 | Wisp |
| 0:13 | Wisp |
| 0:45 | Moon Well |
| 1:14 | Ancient of War |
| 1:32 | Wisp |
| 1:40 | Hunter's Hall |
| 1:45 | Hunter's Hall |
| 2:20 | Wisp |
| 2:20 | Wisp |
| 2:26 | Archer |
| 2:26 | Archer |
| 2:49 | Moon Well |
| 2:58 | Archer |
| 3:22 | Immolation |
| 4:00 | Tree of Ages |
| 4:25 | Huntress |
| 4:26 | Huntress |
| 4:27 | Sentinel |
| 4:30 | Strength of the Moon |
| 4:44 | Evasion |
| 5:38 | Glaive Thrower |
| 5:38 | Glaive Thrower |
| 6:10 | Moon Well |
| 6:57 | Improved Strength of the Moon |
| 6:58 | Strength of the Wild |
| 6:58 | Reinforced Hides |
| 7:04 | Wisp |
| 7:04 | Wisp |
| 7:04 | Wisp |
| 7:11 | Moon Well |
| 7:16 | Moon Armor |
| 8:07 | Tree of Life |
| 8:38 | Moon Glaive |
| 9:14 | Wisp |
| 9:14 | Wisp |
| 9:14 | Wisp |
| 9:24 | Moon Well |
| 9:35 | Huntress |
| 9:35 | Archer |
| 9:35 | Archer |
| 9:36 | Vorpal Blades |
| 10:50 | Ancient of Lore |
| 10:53 | Improved Strength of the Wild |
| 10:53 | Improved Reinforced Hides |
| 10:59 | Wisp |
| 10:59 | Wisp |
| 10:59 | Wisp |
| 10:59 | Wisp |
| 11:01 | Wisp |
| 12:08 | Improved Bows |
| 12:09 | Archer |
| 12:09 | Archer |
| 12:09 | Huntress |
| 12:09 | Archer |
| 12:10 | Huntress |
| 12:13 | Abolish Magic |
| 12:52 | Improved Moon Armor |
| 12:54 | Tree of Eternity |
| 12:58 | Huntress |
| 13:00 | Druid of the Claw Adept Training |
| 13:00 | Dryad |
| 13:06 | Dryad |
| 13:32 | Peon |
| 13:33 | Peon |
| 13:33 | Peon |
| 13:34 | Peon |
| 13:34 | Peon |
| 14:13 | Ancient of Wind |
| 14:32 | Wisp |
| 14:32 | Wisp |
| 14:33 | Wisp |
| 14:33 | Wisp |
| 14:33 | Wisp |
| 14:48 | Druid of the Claw |
| 14:48 | Dryad |
| 14:49 | Druid of the Claw |
| 14:49 | Dryad |
| 14:57 | Moon Well |
| 15:02 | Ultravision |
| 15:24 | Druid of the Talon |
| 15:25 | Druid of the Talon |
| 15:25 | Druid of the Talon Adept Training |
| 15:27 | Druid of the Claw Master Training |
| 15:31 | Advanced Strength of the Wild |
| 16:41 | Advanced Moon Armor |
| 16:41 | Advanced Reinforced Hides |
| 17:12 | Druid of the Talon Master Training |
| 17:51 | Marksmanship |
| 17:51 | Archer |
| 17:51 | Huntress |
| 17:52 | Archer |
| 17:52 | Glaive Thrower |
| 17:53 | Archer |
| 17:59 | Druid of the Claw |
| 18:00 | Mark of the Claw |
| 18:00 | Druid of the Claw |
| 19:02 | Chimaera Roost |
| 19:07 | Glaive Thrower |
| 19:17 | Mark of the Talon |
| 19:17 | Druid of the Talon |
| 19:18 | Hippogryph |
| 19:20 | Druid of the Talon |
| 19:25 | Advanced Strength of the Moon |
| 19:35 | Druid of the Claw |
| 19:35 | Druid of the Claw |
| 19:35 | Druid of the Claw |
| 19:51 | Huntress |
| 19:51 | Archer |
| 19:52 | Huntress |
| 19:57 | Wisp |
| 19:58 | Wisp |
| 19:58 | Wisp |
| 19:58 | Wisp |
| 19:58 | Wisp |
| 20:04 | Moon Well |
| 20:21 | Mana Burn |
| Right click | 279 |
| Select | 213 |
| Build/train/purchase | 114 |
| Misc. action | 13 |
| Use ability | 5 |
| Esc | 2 |
| Remove unit | 1 |


| Scroll of Regeneration | 4 | 400 |
| Lesser Clarity Potion | 6 | 420 |
| Potion of Healing | 5 | 750 |
| Potion of Mana | 2 | 400 |
| Staff of Sanctuary | 1 | 250 |
| Orb of Fire | 1 | 325 |
| Scroll of Town Portal | 2 | 700 |
| Healing Salve | 1 | 100 |
| Orb of Lightning | 1 | 375 |
| total: | 23 | 3720g |
| Peasant | 11 | 825 | / | 0 |
| Footman | 13 | 1755 | / | 0 |
| Gryphon Rider | 7 | 1960 | / | 490 |
| Goblin Shredder | 2 | 750 | / | 200 |
| total: | 33 | 5290g | / | 690w |
| Scout Tower | 3 | 90 | / | 60 |
| Altar of Kings | 1 | 180 | / | 50 |
| Farm | 15 | 1200 | / | 300 |
| Barracks | 1 | 160 | / | 60 |
| Town Hall | 1 | 385 | / | 205 |
| Arcane Vault | 1 | 130 | / | 30 |
| Lumber Mill | 1 | 120 | / | 0 |
| Blacksmith | 1 | 140 | / | 60 |
| Gryphon Aviary | 3 | 420 | / | 450 |
| Keep | 1 | 320 | / | 210 |
| Castle | 1 | 360 | / | 210 |
| total: | 27 | 2825g | / | 1215w |
| 0:03 | Peasant |
| 0:09 | Altar of Kings |
| 0:12 | Peasant |
| 0:20 | Farm |
| 0:21 | Barracks |
| 0:24 | Peasant |
| 0:32 | Peasant |
| 0:32 | Peasant |
| 0:48 | Peasant |
| 1:00 | Peasant |
| 1:05 | Farm |
| 1:18 | Peasant |
| 1:24 | Footman |
| 1:24 | Footman |
| 1:34 | Farm |
| 1:35 | Farm |
| 1:42 | Footman |
| 1:42 | Footman |
| 1:55 | Peasant |
| 2:02 | Footman |
| 2:03 | Footman |
| 2:11 | Summon Water Elemental |
| 2:19 | Footman |
| 2:24 | Peasant |
| 2:24 | Peasant |
| 3:26 | Brilliance Aura |
| 3:34 | Town Hall |
| 3:39 | Scout Tower |
| 3:41 | Scout Tower |
| 3:43 | Scout Tower |
| 3:49 | Arcane Vault |
| 4:01 | Footman |
| 4:08 | Keep |
| 5:18 | Goblin Shredder |
| 5:18 | Goblin Shredder |
| 5:32 | Footman |
| 5:35 | Scroll of Regeneration |
| 5:38 | Lesser Clarity Potion |
| 5:43 | Scroll of Regeneration |
| 5:44 | Lesser Clarity Potion |
| 5:53 | Defend |
| 6:16 | Summon Water Elemental |
| 6:53 | Footman |
| 6:57 | Castle |
| 7:50 | Lumber Mill |
| 7:54 | Holy Light |
| 7:56 | Scroll of Regeneration |
| 8:03 | Scroll of Town Portal |
| 8:03 | Lesser Clarity Potion |
| 8:11 | Footman |
| 8:14 | Potion of Healing |
| 8:14 | Potion of Mana |
| 8:18 | Potion of Healing |
| 8:19 | Potion of Mana |
| 8:20 | Lesser Clarity Potion |
| 8:34 | Footman |
| 8:54 | Footman |
| 8:59 | Gryphon Aviary |
| 9:01 | Gryphon Aviary |
| 9:04 | Gryphon Aviary |
| 9:40 | Brilliance Aura |
| 9:44 | Potion of Healing |
| 10:30 | Healing Salve |
| 10:30 | Lesser Clarity Potion |
| 10:54 | Storm Hammers |
| 10:54 | Gryphon Rider |
| 10:59 | Blacksmith |
| 11:09 | Orb of Lightning |
| 11:29 | Potion of Healing |
| 11:53 | Divine Shield |
| 12:25 | Scroll of Town Portal |
| 12:46 | Scroll of Regeneration |
| 12:52 | Gryphon Rider |
| 13:20 | Gryphon Rider |
| 13:24 | Studded Leather Armor |
| 13:45 | Farm |
| 13:46 | Farm |
| 13:46 | Farm |
| 13:46 | Farm |
| 13:47 | Farm |
| 13:47 | Farm |
| 13:49 | Farm |
| 13:50 | Farm |
| 13:50 | Farm |
| 13:51 | Farm |
| 13:52 | Farm |
| 14:08 | Lesser Clarity Potion |
| 14:12 | Staff of Sanctuary |
| 14:16 | Orb of Fire |
| 14:19 | Gryphon Rider |
| 14:34 | Animal War Training |
| 14:42 | Gryphon Rider |
| 15:20 | Gryphon Rider |
| 15:22 | Reinforced Leather Armor |
| 15:54 | Gryphon Rider |
| 16:41 | Brilliance Aura |
| 16:43 | Devotion Aura |
| 17:02 | Potion of Healing |
| Right click | 273 |
| Select | 271 |
| Build/train/purchase | 119 |
| Select group | 118 |
| Misc. action | 40 |
| Assign group | 38 |
| Use ability | 25 |
| Item give/drop | 2 |